 Dungeon Crawl Stone Soup version bcrawl-1.32 (webtiles) character file.

Game seed: 2790392030782566055

243568 Morbidden the Cudgeler (level 7, -7/67 HPs)
             Began as an Ogre Archaeologist on July 8, 2021.
             Mangled by a bullfrog (8 damage)
             ... on level 4 of the Dungeon.
             The game lasted 00:05:11 (3082 turns).

Morbidden the Cudgeler (Ogre Archaeologist)         Turns: 3082, Time: 00:05:12

Health: -7/67      AC:  6    Str: 19    XL:     7   Next: 44%
Magic:  9/9        EV: 15    Int: 14    God:
Gold:   227        SH:  0    Dex:  7    Spells: 9/9 levels left

rFire    . . .     SeeInvis .   a - +5 flail
rCold    . . .     Gourm    .   (no shield)
rNeg     . . .     Faith    .   c - +1 robe
rPois    .         Spirit   .   d - +1 hat
rElec    .         Reflect  .   r - +0 cloak
rCorr    .         Harm     .   (gloves unavailable)
MR       +....                  (boots unavailable)
Stlth    ++........             (no amulet)
HPRegen  0.21/turn              q - +5 ring of evasion
MPRegen  0.11/turn              x - ring of protection from magic

@: lethally poisoned (-7 -> -21)
A: large, unfitting armour, blurry vision 1, dopey 1, strong 1, tough skin 1
a: no special abilities


You were on level 4 of the Dungeon.
You were hungry.

You visited 1 branch of the dungeon, and saw 5 of its levels.

You collected 227 gold pieces.

Inventory:

Hand Weapons
 a - a +5 flail (weapon)
 b - a +0 blowgun
Missiles
 f - 4 curare-tipped needles
 s - 128 poisoned needles
Armour
 c - a +1 robe (worn)
 d - a +1 hat (worn)
 r - a +0 cloak (worn)
Magical Staves
 h - an uncursed staff of wizardry
Jewellery
 q - a +5 ring of evasion (left hand)
 x - a ring of protection from magic (right hand)
Scrolls
 g - 2 scrolls of magic mapping
 i - 7 scrolls of identify
 j - a scroll of enchant weapon {unknown}
 l - a scroll of teleportation
 m - 2 scrolls of remove curse
 p - a scroll of immolation {unknown}
 t - a scroll of blinking {unknown}
 u - 2 scrolls of fog {unknown}
Potions
 k - a potion of mutation
 n - a potion of degeneration {unknown}
Comestibles
 e - 9 rations {!d}
 w - 5 chunks of flesh


   Skills:
 * Level 3.3 Fighting
 * Level 5.2(5.4) Maces & Flails
 * Level 1.6(3.2) Staves
 * Level 5.2 Dodging
 + Level 2.9 Stealth
 * Level 1.7 Spellcasting


You had 9 spell levels left.
You didn't know any spells.
Your spell library contained the following spells:

 Spells                   Type           Power        Failure   Level  Hunger
 Beastly Appendage        Tmut           #.....       24%         1    None
 Passwall                 Tmut/Erth      #.......     36%         2    ###....
 Sticks to Snakes         Tmut           #.......     36%         2    ###....
 Spider Form              Tmut/Pois      #..          58%         3    #####..
 Ice Form                 Ice/Tmut       #.......     94%         4    ######.
 Blade Hands              Tmut           #.........   100%        5    #######


Dungeon Overview and Level Annotations

Branches:
Dungeon (5/12)
 Temple: D:4-7

Altars:
Nemelex Xobeh


Innate Abilities, Weirdness & Mutations

You are too large for most types of armour.
You have tough skin. (AC +1)
Scrolls take you a little longer to read.
You are dopey. (Int -2)
Your muscles are strong. (Str +2)


Message History

The orc closely misses you. The bullfrog closely misses you.
The scorpion closely misses you.
Unknown command.
Unknown command.
Unknown command.
* * * LOW HITPOINT WARNING * * *
You feel sick. The orc hits you but does no damage. The scorpion stings you.
* * * LOW HITPOINT WARNING * * *
You are more poisoned.
The scorpion poisons you!
Unknown command.
Unknown command.
* * * LOW HITPOINT WARNING * * *
You feel sick.
The hound barks!
The bullfrog barely misses you.
You closely miss the hound.
* * * LOW HITPOINT WARNING * * *
You feel sick. The hound misses you. The bullfrog hits you!
You die...

........###$?.###......##
....
........#%.#####.......#..#..
#..........................#
#......#.##.(.........#
.......### #..........# .
....... ## #..........# #...
h.#....##.##..........# #...
. ##..................# #...
#.......@oo........###...
.......h#Fs..............
.......#o.....###......#
.......##....## ##......
.......o..##.# #...#...
.............#####..##..
........$.....#.#.......
....................##..
.........###...........


You could see a bullfrog, a scorpion, a hound, an orc priest and 2 orcs.

Vanquished Creatures
  Sigmund (D:4)
  An ogre (D:5)
  Blork the orc (D:4)
  A bullfrog (D:4)
  A crimson imp (D:4)
  A bullfrog skeleton (D:3)
  A worker ant (D:5)
  A hound skeleton (D:3)
  5 adders
  An ooze (D:1)
  4 worms
  2 dart slugs
  4 leopard geckos
  4 orcs
  2 ball pythons (D:1)
  4 bats
  4 giant cockroaches
  6 goblins
  10 hobgoblins
  2 jackals (D:3)
  13 kobolds
  2 quokkas
  A ball python skeleton (D:3)
  A frilled lizard (D:1)
  6 rats
79 creatures vanquished.

Notes
Turn   | Place    | Note
-------+----------+-------------------------------------------
     0 | D:1      | Morbidden the Ogre Archaeologist began the quest for the
                  | Orb.
     0 | D:1      | Reached XP level 1. HP: 19/19 MP: 1/1
    98 | D:1      | Reached XP level 2. HP: 17/27 MP: 2/2
   689 | D:1      | Reached XP level 3. HP: 26/33 MP: 3/3
  1075 | D:2      | Found a sparkling altar of Nemelex Xobeh.
  1650 | D:3      | Reached XP level 4. HP: 42/42 MP: 4/4
  1976 | D:3      | Reached XP level 5. HP: 50/50 MP: 5/5
  1976 | D:3      | Identified a scroll of acquirement
  2588 | D:4      | Noticed a bullfrog
  2596 | D:4      | Gained mutation: Scrolls take you a little longer to read.
                  | [potion of mutation]
  2596 | D:4      | Gained mutation: You are dopey. (Int -2) [potion of
                  | mutation]
  2596 | D:4      | Gained mutation: Your muscles are strong. (Str +2) [potion
                  | of mutation]
  2601 | D:4      | HP: 2/50 [bullfrog (5)]
  2610 | D:4      | Killed a bullfrog
  2611 | D:4      | Reached XP level 6. HP: 4/59 MP: 6/6
  2747 | D:5      | Entered Level 5 of the Dungeon
  2833 | D:5      | Reached skill level 1 in Staves
  2833 | D:5      | Reached skill level 1 in Spellcasting
  2851 | D:4      | Noticed Sigmund
  2950 | D:4      | Killed Sigmund
  2951 | D:4      | Reached skill level 5 in Dodging
  2951 | D:4      | Reached XP level 7. HP: 66/67 MP: 7/9
  2974 | D:4      | Noticed Blork the orc
  2988 | D:4      | Killed Blork the orc
  2989 | D:4      | Reached skill level 5 in Maces & Flails
  3080 | D:4      | HP: 3/67 [scorpion (2)]
  3082 | D:4      | HP: 1/67 [poisoned by a scorpion]
  3082 | D:4      | Mangled by a bullfrog

Skill      XL: |  1  2  3  4  5  6  7 |
---------------+----------------------+-----
Dodging        | 3 4 5 |  5.2
Maces & Flails | 2 3 4 5 |  5.2
Fighting       | 2 3 |  3.3
Staves         | 1 |  1.6
Spellcasting   | 1 |  1.7
Stealth        | |  2.9

Action                   |  1- 3 |  4- 6 |  7- 9 || total
-------------------------+-------+-------+-------++-------
Melee: Whip              |    88 |       |       ||    88
       Mace              |    77 |   147 |       ||   224
       Flail             |       |    18 |    26 ||    44
 Fire: Blowgun           |       |     2 |       ||     2
  Use: Scroll            |     3 |     4 |       ||     7
       Potion            |       |     5 |     3 ||     8
 Stab: Sleeping          |     4 |     2 |       ||     6
       Distracted        |       |     1 |       ||     1
  Eat: Chunk             |     7 |     9 |     2 ||    18
Armor: Robe              |    63 |    80 |     3 ||   146
Dodge: Dodged            |   124 |   199 |    23 ||   346
